 Dungeon Crawl Stone Soup version 0.26.1-11-gd32895ea62 (webtiles) character file.

Game seed: 7622157693289597723

844 vvl the Chopper (level 8, -4/68 HPs)
             Began as a Hill Orc Fighter on June 7, 2021.
             Was a Believer of Okawaru.
             Slain by an orc warrior
             ... wielding a +0 war axe
              (11 damage)
             ... on level 6 of the Dungeon.
             The game lasted 00:11:53 (4075 turns).

vvl the Chopper (Hill Orc Fighter)                  Turns: 4075, Time: 00:11:54

Health: -4/68      AC: 15    Str: 21    XL:     8   Next: 0%
Magic:  9/9        EV:  6    Int:  8    God:    Okawaru [**....]
Gold:   297        SH:  9    Dex: 10    Spells: 7/7 levels left

rFire    . . .     SeeInvis .   h - +2 hand axe (vamp)
rCold    . . .     Faith    .   c - +0 kite shield
rNeg     . . .     Spirit   .   u - +2 chain mail {rPois}
rPois    +         Reflect  .   o - +0 helmet
rElec    .         Harm     .   z - +1 cloak
rCorr    .         Rampage  .   (no gloves)
Will     .....                  (no boots)
Stlth    ..........             (no amulet)
HPRegen  0.21/turn              t - ring of flight
MPRegen  0.11/turn              (no ring)

@: no status effects
A: no striking features
a: Renounce Religion, Evoke Flight, Heroism


You were on level 6 of the Dungeon.
You worshipped Okawaru.
Okawaru was pleased with you.
You visited 1 branch of the dungeon, and saw 6 of its levels.

You collected 297 gold pieces.

Inventory:

Hand Weapons
 h - a +2 vampiric hand axe (weapon)
 y - the +9 mace of Battle {pain, *Drain rN++ MP+9}
   (You found it on level 4 of the Dungeon)

   In the hands of one skilled in necromantic magic, it inflicts extra damage on
   living creatures.
   It greatly protects you from negative energy.
   It affects your magic capacity (+9).
   It causes draining when unequipped.
 B - a +0 whip of holy wrath
Armour
 c - a +0 kite shield (worn)
 o - a +0 helmet (worn)
 u - a +2 chain mail of poison resistance (worn)
 z - a +1 cloak (worn)
Jewellery
 j - an uncursed amulet of faith
 t - a ring of flight (left hand)
Wands
 k - a wand of iceblast (6)
 s - a wand of digging (6)
Scrolls
 a - 2 scrolls of teleportation {unknown}
 f - 6 scrolls of remove curse
 i - 4 scrolls of identify
 n - 2 scrolls of amnesia {unknown}
 p - 2 scrolls of random uselessness {unknown}
 q - 3 scrolls of noise {unknown}
 v - a scroll of enchant armour {unknown}
Potions
 b - a potion of invisibility {unknown}
 d - a potion of might
 e - a potion of attraction {unknown}
 g - 2 potions of resistance {unknown}
 l - 4 potions of curing
 m - 4 potions of heal wounds {unknown}
 r - a potion of mutation {unknown}
 w - a potion of flight {unknown}
 x - a potion of magic {unknown}
 A - a potion of cancellation {unknown}


   Skills:
 + Level 5.3 Fighting
 * Level 6.6 Axes
 + Level 4.6 Armour
 + Level 2.3 Dodging
 + Level 4.8 Shields
 - Level 2.1 Invocations
 + Level 2.8 Evocations


You had 7 spell levels left.
You didn't know any spells.
Your spell library was empty.

Dungeon Overview and Level Annotations

Branches:
Dungeon (6/15)
 Temple: D:4-7

Altars:
Ashenzari
Okawaru
Wu Jian

Annotations:
D:5 Sigmund


Message History

Found an escape hatch in the ceiling and an escape hatch in the floor.
There is a stone staircase leading up here.
You hit the orc wizard.
You feel better.
The orc wizard is heavily wounded.
You slash the orc warrior!
You feel better.
The orc wizard hits you but does no damage.
The orc warrior hits you with a +0 war axe!
* * * LOW HITPOINT WARNING * * *
The orc wizard hits you but does no damage.
You hit the orc wizard but do no damage.
The orc wizard is heavily wounded.
Your shield prevents you from hitting the orc warrior.
The orc wizard hits you but does no damage.
The orc warrior hits you but does no damage.
You slash the orc wizard!
You feel better.
You kill the orc wizard!
Okawaru accepts your kill.
You closely miss the orc warrior.
The orc warrior hits you with a +0 war axe!
You die...

.....
...... ....
..>... ...#
#...... ...
....... #..
.......
#..#......#
#.o.)...#
#.@....#
####...#
..<.. ....
... .. .


You could see an orc warrior.

Vanquished Creatures
  Grinder (D:4)
  Edmund (D:4)
  A big kobold (D:3)
  Blork the orc (D:4)
  A scorpion (D:4)
  2 howler monkeys
  A hound (D:5)
  An orc wizard (D:6)
  An iguana (D:5)
  A worker ant (D:4)
  Robin (D:2)
  3 gnolls (D:5)
  5 adders
  2 worms
  3 dart slugs
  2 leopard geckos
  10 orcs
  12 giant cockroaches
  14 hobgoblins
  4 jackals (D:3)
  5 quokkas
  A ball python (D:1)
  11 bats
  4 frilled lizards
  9 goblins
  5 kobolds
  12 rats
114 creatures vanquished.

Vanquished Creatures (others)
  6 fungi (D:5)
  4 toadstools (D:5)
10 creatures vanquished.

Grand Total: 124 creatures vanquished

Notes
Turn   | Place    | Note
-------+----------+-------------------------------------------
     0 | D:1      | vvl the Hill Orc Fighter began the quest for the Orb.
     0 | D:1      | Reached XP level 1. HP: 19/19 MP: 1/1
    72 | D:1      | Reached skill level 3 in Axes
    72 | D:1      | Reached XP level 2. HP: 26/27 MP: 2/2
    73 | D:1      | Reached skill level 1 in Invocations
   287 | D:1      | Reached XP level 3. HP: 33/33 MP: 3/3
   887 | D:2      | Found a broken altar of Ashenzari.
  1089 | D:2      | Reached XP level 4. HP: 40/40 MP: 5/5
  1356 | D:2      | Reached skill level 1 in Evocations
  1456 | D:2      | Noticed Robin
  1467 | D:2      | Reached skill level 4 in Axes
  1471 | D:2      | Killed Robin
  1818 | D:3      | Noticed a big kobold
  1835 | D:3      | Killed a big kobold
  1836 | D:3      | Reached skill level 1 in Dodging
  1836 | D:3      | Reached XP level 5. HP: 46/46 MP: 6/6
  1978 | D:3      | Found an iron altar of Okawaru.
  2077 | D:3      | Became a worshipper of Warmaster Okawaru
  2189 | D:3      | Found a faded altar of an unknown god.
  2374 | D:3      | Reached XP level 6. HP: 53/53 MP: 7/7
  2826 | D:4      | Noticed Grinder
  2846 | D:4      | Paralysed by Grinder for 3 turns
  2853 | D:4      | Killed Grinder
  2853 | D:4      | Reached * piety under Okawaru
  2854 | D:4      | Reached skill level 5 in Axes
  2929 | D:4      | Reached XP level 7. HP: 60/60 MP: 8/8
  3005 | D:4      | Found an ornate altar of the Wu Jian Council.
  3035 | D:4      | Noticed Blork the orc
  3046 | D:4      | Killed Blork the orc
  3211 | D:4      | Got an encrusted mace
  3212 | D:4      | Identified the +9 mace of Battle {pain, *Drain rN++ MP+9}
                  | (You found it on level 4 of the Dungeon)
  3335 | D:4      | Noticed Edmund
  3398 | D:4      | Killed Edmund
  3399 | D:4      | Reached skill level 5 in Fighting
  3399 | D:4      | Reached skill level 6 in Axes
  3804 | D:5      | Entered Level 5 of the Dungeon
  3949 | D:5      | Reached ** piety under Okawaru
  3952 | D:5      | Reached XP level 8. HP: 62/68 MP: 9/9
  4022 | D:5      | Noticed Sigmund
  4075 | D:6      | Slain by an orc warrior

Illustrated notes

Levels and vault maps discovered:
D:1:      dpeg_arrival_prison, layout_basic, minmay_worlds_worst_comb
D:2:      layout_basic, evilmike_ruin_ashenzari, uniq_robin
D:3:      layout_basic, okawaru_metal_pillars_1_2,
          chequers_ecumenical_altar_twisty
D:4:      layout_layer_cave, kennysheep_mini, uniq_grinder, uniq_blork_the_orc,
          uniq_edmund
D:5:      layout_rooms, eat_drink_and_be_merry_uskayaw, serial_shops,
          nicolae_shop_statue_plus, dk_noncrumbling_3, minmay_gold_behind_fungi,
          doesnt_xom_only_xom, uniq_sigmund
D:6:      layout_cave_pools, nicolae_tso_carved_into_rock, basic_altar,
          uniq_menkaure

Skill      XL: |  1  2  3  4  5  6  7 |
---------------+----------------------+-----
Axes           | 3 4 5 6 |  6.6
Invocations    | 1 2 |  2.1
Evocations     | 1 2 |  2.8
Fighting       | 4 5 |  5.3
Dodging        | 1 2 |  2.3
Shields        | 4 |  4.8
Armour         | 4 |  4.6

Action                   |  1- 3 |  4- 6 |  7- 9 || total
-------------------------+-------+-------+-------++-------
Melee: War axe           |    27 |       |       ||    27
       Hand axe          |    83 |   199 |   157 ||   439
Invok: Heroism           |       |       |     1 ||     1
  Use: Scroll            |       |       |     2 ||     2
Armor: Scale mail        |    54 |    28 |       ||    82
       Chain mail        |       |    39 |    66 ||   105
Dodge: Dodged            |    37 |    44 |    23 ||   104
Block: Kite shield       |    49 |    76 |    56 ||   181
